 Dungeon Crawl Stone Soup version 0.31-a0-7-g51783674b7 (webtiles) character file.

Game seed: 5741069266124769051

57390 mandoloar the Severer (level 14, -35/136 HPs)
             Began as a Hill Orc Fighter on May 5, 2023.
             Was the Champion of Zin.
             Annihilated by a very large slime creature (42 damage)
             ... on level 12 of the Dungeon.
             The game lasted 01:04:08 (31383 turns).

mandoloar the Severer (Hill Orc Fighter)           Turns: 31383, Time: 01:04:09

Health: -35/136    AC: 34    Str: 24    XL:     14   Next: 86%
Magic:  23/23      EV: 12    Int:  8    God:    Zin [******]
Gold:   1542       SH: 17    Dex: 10    Spells: 13/13 levels left

rFire   . . .        a - +4 broad axe (protect)
rCold   . . .        c - +1 kite shield
rNeg    + . .        F - +0 plate armour
rPois   +            u - +2 helmet
rElec   .            s - +2 cloak
rCorr   .            Q - +2 pair of gloves {hurl}
SInv    .            t - +1 pair of boots
Will    +....        v - amulet of reflection Stlth
                     f - +5 ring of evasion
HPRegen 0.42/turn    m - ring of Beogh's Esteem {rPois rN+}
MPRegen 0.18/turn

%: reflection
@: under a protective aura
A: no striking features
a: Renounce Religion, Recite, Vitalisation, Imprison, Sanctuary, Donate Gold


You were on level 12 of the Dungeon.
You worshipped Zin.
Zin was exalted by your worship.
You visited 3 branches of the dungeon, and saw 19 of its levels.
You visited the Abyss 1 time.

You collected 1710 gold pieces.
You donated 168 gold pieces to Zin.

Inventory:

Hand Weapons
 a - a +4 broad axe of protection (weapon)
 b - a +5 morningstar
Missiles
 j - 12 boomerangs
 k - 36 poisoned darts (quivered)
 p - 6 atropa-tipped darts
 K - a throwing net
 M - 15 silver javelins
 R - 6 curare-tipped darts
 X - 3 boomerangs of dispersal
Armour
 c - a +1 kite shield (worn)
 s - a +2 cloak (worn)
 t - a +1 pair of boots (worn)
 u - a +2 helmet (worn)
 F - a +0 plate armour (worn)
 Q - a +2 pair of gloves of hurling (worn)
Jewellery
 f - a +5 ring of evasion (left hand)
 m - the ring of Beogh's Esteem (right hand) {rPois rN+}
   (You took it off a kobold on level 2 of the Dungeon)

   [ring of positive energy]

   rPois:     It protects you from poison.
   rN:        It protects you from negative energy.
 v - an amulet of reflection (around neck)
 w - the ring "Qezxiq" {rElec rF- rN+ Dex+4}
   (You found it on level 2 of the Dungeon)

   [ring of positive energy]

   Dex:       It affects your dexterity (+4).
   rF:        It makes you vulnerable to fire.
   rElec:     It insulates you from electricity.
   rN:        It protects you from negative energy.
Wands
 x - a wand of roots (46)
 C - a wand of flame (30)
 H - a wand of paralysis (3)
 I - a wand of digging (5)
 J - a wand of quicksilver (35)
Scrolls
 e - 2 scrolls of summoning
 n - 4 scrolls of fog
 q - 2 scrolls of teleportation
 y - a scroll of poison
 L - a scroll of amnesia
 P - 2 scrolls of vulnerability
 S - a scroll of fear
 W - a scroll of magic mapping
Potions
 d - 6 potions of might
 g - a potion of lignification
 h - 2 potions of heal wounds
 l - 3 potions of brilliance
 o - 3 potions of ambrosia
 r - a potion of cancellation
 z - 8 potions of curing
 A - 3 potions of mutation
 B - 2 potions of haste
 D - 2 potions of flight
 E - a potion of attraction
 N - 2 potions of magic
 U - 3 potions of berserk rage


   Skills:
 + Level 15.7 Fighting
 + Level 16.8 Axes
 + Level 7.0 Throwing
 + Level 10.9 Armour
 + Level 3.0 Dodging
 + Level 10.9 Shields
 + Level 12.1 Invocations


You had 13 spell levels left.
You didn't know any spells.
Your spell library contained the following spells:

 Spells                   Type           Power      Damage    Failure   Level
 Sandblast                Erth           0%         2d4       100%        1
 Passwall                 Tmut/Erth      0%         N/A       100%        2
 Sublimation of Blood     Necr           0%         N/A       100%        2
 Wereblood                Tmut           0%         N/A       100%        2
 Stone Arrow              Conj/Erth      0%         3d7       100%        3
 Tukima's Dance           Hex            0%         N/A       100%        3
 Vhi's Electric Charge    Tloc/Air       0%         N/A       100%        3
 Animate Armour           Summ/Erth      0%         N/A       100%        4
 Passage of Golubria      Tloc           0%         N/A       100%        4
 Arcjolt                  Conj/Air       0%         1d10      100%        5
 Yara's Violent Unravell  Hex/Tmut       0%         3d3       100%        5
 Summon Hydra             Summ           0%         N/A       100%        7
 Lehudib's Crystal Spear  Conj/Erth      0%         10d2      100%        8
 Maxwell's Capacitive Co  Air            0%         ∞         100%        8


Dungeon Overview and Level Annotations

Branches:
Dungeon (13/15)            Temple (1/1) D:6            Lair (5/5) D:10
  Swamp (0/4) Lair:2        Snake (0/4) Lair:2        Slime (0/5) Lair:4
    Orc (0/2) D:12
 Vaults: D:13-14

Altars:
Ashenzari
Cheibriados
Dithmenos
Elyvilon
Fedhas
Gozag
Hepliaklqana
Kikubaaqudgha
Makhleb
Nemelex Xobeh
Okawaru
Qazlal
Ru
Sif Muna
Trog
Uskayaw
Vehumet
Wu Jian
Xom
Yredelemnul
Zin
The Shining One

Shops:
D:12 (

Portals:
Hell: Lair:5
Trove: D:11 (give 6 scrolls of blinking)

Annotations:
D:12 3 runed translucent doors, Cyapt's ghost, journeyman HOFi
D:13 exclusion: ice statue


Message History

Level annotation: 3 runed translucent doors, Cyapt's ghost, journeyman HOFi Reactivating autopickup.
You are too injured to fight recklessly!
You are too injured to fight recklessly!
You hit the large slime creature.
Your weapon exudes an aura of protection.
The large slime creature is lightly wounded.
You slash the very large slime creature!
You slash the large slime creature!
The large slime creature is lightly wounded.
You slash the very large slime creature!
You block the very large slime creature's attack.
A large slime creature splits.
You slash the slime creature!
The slime creature is moderately wounded.
You slice the very large slime creature!!
You hit the slime creature but do no damage.
The very large slime creature hits you but does no damage.
You block the slime creature's attack.
You slash the slime creature!
The slime creature is heavily wounded.
You hit the very large slime creature. You hit the slime creature.
The slime creature hits you but does no damage.
You block the very large slime creature's attack.
The slime creature hits you!
* * * LOW HITPOINT WARNING * * *
You slice the slime creature!!
The slime creature is almost dead.
You slash the very large slime creature!
You slash the slime creature! The slime creature hits you.
* * * LOW HITPOINT WARNING * * *
The very large slime creature hits you.
* * * LOW HITPOINT WARNING * * *
You block the slime creature's attack.
You slice the slime creature!!
You kill the slime creature!
You barely miss the very large slime creature.
You slash the slime creature! You block the slime creature's attack.
The very large slime creature hits you!!!
You die...

..# #.# #.# #############
#.##### #...........#
..)...# #.#########.#
..##..# #.# #.# ####.)#
#.##### #.# #
##..###...>.#####.# #
#.#..........J@##.####### #
##..###..##..∩.J.>......# #
##)##............#####.#
#####.##.........##.# #.#
#.....##.###........# #.#
#.###....# #..#####.# #.#
#.###.#..###..#####.#####.#
#...>.....................#
#..####...###.......##..###


You could see a very large slime creature and a slime creature.

Vanquished Creatures
  Nessos (Lair:4)
  Harold (Lair:2)
  2 hydras
  Erolcha (D:12)
  A centaur warrior (D:13)
  Erica (D:8)
  A death yak (Lair:4)
  5 boulder beetles
  A death knight (D:12)
  2 two-headed ogres
  Sonja (Lair:4)
  2 skysharks (Lair:4)
  A sun demon (Lair:5)
  A skeletal warrior (D:12)
  A bog body (Lair:2)
  A wizard (Lair:5)
  Pikel (D:6)
  A deep elf pyromancer (D:12)
  2 manticores
  A cyclops (D:11)
  5 oklob plants
  An ugly thing (D:12)
  9 elephants
  6 black mambas
  Maurice (D:8)
  A guardian serpent (Lair:2)
  A smoke demon (Lair:5)
  A torpor snail (Lair:4)
  2 orange demons (Lair:5)
  A gargoyle (D:11)
  Psyche (D:9)
  7 cane toads
  2 unseen horrors
  9 komodo dragons
  2 red devils (Lair:5)
  7 rime drakes
  2 freezing wraiths (D:12)
  An ice devil (Lair:5)
  2 trolls (D:11)
  A burning bush (Lair:3)
  2 polar bears
  8 blink frogs
  A hornet (D:10)
  2 dream sheep (Lair:5)
  7 slime creatures
  4 wyverns
  Eustachio (D:4)
  4 wraiths
  3 shadows
  39 yaks
  A golden eye (shapeshifter) (D:13)
  3 fire bats (Lair:3)
  3 basilisks
  2 vampire mosquitoes (D:10)
  Grum (D:8)
  Edmund (D:4)
  3 steam dragons
  3 acid dragons
  18 water moccasins
  Duvessa (D:6)
  3 hell hounds (Lair:5)
  3 orc warriors
  3 ice beasts (D:6)
  A black bear (D:7)
  5 ogres
  7 centaurs
  A lemure (D:6)
  2 small abominations (Abyss:2)
  24 wolves
  5 kobold brigands
  15 bullfrogs
  Blork the orc (D:4)
  A gnoll sergeant (D:10)
  2 scorpions
  16 wights
  Dowan (D:6)
  A howler monkey (D:10)
  2 electric eels
  3 quasits
  5 orc priests
  A hound (D:5)
  6 jellies
  5 gnoll boudas
  5 starcursed masses (Abyss:2)
  2 sleepcaps (D:7)
  10 orc wizards
  7 hell rats (Lair:3)
  Robin (D:4)
  25 gnolls
  3 adders
  2 shadow imps
  2 white imps
  3 ufetubi
  A worm (D:8)
  24 orcs
  6 ball pythons
  6 endoplasms
  6 giant cockroaches
  19 goblins
  8 hobgoblins
  9 jackals
  10 kobolds
  3 quokkas
  3 bats
  4 frilled lizards
  5 rats (D:1)
  A bush (Lair:4)
475 creatures vanquished.

Vanquished Creatures (others)
  A deep elf pyromancer (D:12)
  A slime creature (D:12)
  A wight (D:7)
  2 kobolds
  9 demonic plants (D:5)
  32 fungi
  A lurking horror (Abyss:2)
  53 plants
100 creatures vanquished.

Grand Total: 575 creatures vanquished

Notes
Turn   | Place    | Note
-------+----------+-------------------------------------------
     0 | D:1      | mandoloar the Hill Orc Fighter began the quest for the Orb.
     0 | D:1      | Reached XP level 1. HP: 19/19 MP: 1/1
    57 | D:1      | Reached skill level 3 in Axes
    93 | D:1      | Reached XP level 2. HP: 27/27 MP: 2/2
   608 | D:1      | Reached XP level 3. HP: 34/34 MP: 3/3
   804 | D:2      | Reached skill level 4 in Axes
  1150 | D:2      | Identified the ring of Beogh's Esteem {rPois rN+}
  1160 | D:2      | Reached XP level 4. HP: 36/41 MP: 4/4
  1773 | D:2      | Identified the ring "Qezxiq" {rElec rF- rN+ Dex+4}
  1782 | D:2      | Reached skill level 5 in Fighting
  2998 | D:4      | Noticed Robin
  3012 | D:4      | Killed Robin
  3013 | D:4      | Reached skill level 5 in Axes
  3013 | D:4      | Reached XP level 5. HP: 34/48 MP: 5/5
  3338 | D:4      | Noticed Edmund
  3382 | D:4      | Noticed Blork the orc
  3394 | D:4      | Killed Blork the orc
  3405 | D:4      | Reached skill level 6 in Axes
  3405 | D:4      | Reached XP level 6. HP: 34/58 MP: 6/6
  3639 | D:4      | Killed Edmund
  3754 | D:4      | Noticed Eustachio
  3774 | D:4      | Killed Eustachio
  3775 | D:4      | Reached skill level 7 in Axes
  3775 | D:4      | Reached XP level 7. HP: 66/66 MP: 7/7
  3997 | D:5      | Entered Level 5 of the Dungeon
  4670 | D:5      | Reached skill level 8 in Axes
  5605 | D:6      | Reached XP level 8. HP: 49/71 MP: 8/8
  5616 | D:6      | Reached skill level 9 in Axes
  5748 | D:6      | Noticed Duvessa
  5748 | D:6      | Noticed Dowan
  5763 | D:6      | Killed Duvessa
  5765 | D:6      | Killed Dowan
  5865 | D:6      | Reached skill level 10 in Axes
  6430 | D:6      | Reached skill level 10 in Fighting
  6430 | D:6      | Reached XP level 9. HP: 69/85 MP: 9/9
  6491 | D:6      | Found a staircase to the Ecumenical Temple.
  6606 | Temple   | Entered the Ecumenical Temple
  6785 | Temple   | Became a worshipper of Zin the Law-Giver
  6785 | Temple   | Reached * piety under Zin
  7017 | D:6      | Reached ** piety under Zin
  7060 | D:6      | Reached skill level 11 in Axes
  7074 | D:6      | Noticed Pikel
  7092 | D:6      | Killed Pikel
  7882 | D:6      | Reached skill level 12 in Axes
  8284 | D:7      | Reached skill level 1 in Invocations
  8335 | D:7      | Identified the +1 trident of Duty {heavy, rElec}
  8459 | D:7      | Reached XP level 10. HP: 39/97 MP: 11/11
  8856 | D:7      | Reached *** piety under Zin
  9368 | D:8      | Found a snail-covered altar of Cheibriados.
  9687 | D:8      | Noticed Maurice
  9719 | D:8      | Killed Maurice
  9992 | D:8      | Noticed Erica
 10007 | D:8      | Killed Erica
 10008 | D:8      | Reached skill level 13 in Axes
 10008 | D:8      | Reached skill level 5 in Armour
 10008 | D:8      | Reached skill level 5 in Shields
 10090 | D:8      | Noticed Grum
 10105 | D:8      | Killed Grum
 10615 | D:9      | Reached **** piety under Zin
 10850 | D:9      | Noticed Psyche
 10862 | D:9      | Killed Psyche
 10863 | D:9      | Reached skill level 5 in Invocations
 11359 | D:9      | Reached XP level 11. HP: 97/105 MP: 13/15
 11863 | D:10     | Entered Level 10 of the Dungeon
 11941 | D:10     | Found a staircase to the Lair.
 12296 | D:10     | Noticed a two-headed ogre
 12311 | D:10     | Killed a two-headed ogre
 12321 | D:10     | HP: 4/107 [centaur/arrow (4)]
 12714 | D:10     | Reached skill level 14 in Axes
 13777 | Lair:1   | Entered Level 1 of the Lair of Beasts
 14043 | Lair:1   | Reached skill level 1 in Throwing
 14867 | Lair:1   | Reached XP level 12. HP: 97/115 MP: 17/17
 17707 | Lair:1   | Identified the +5 sling "Widowmaker" {flame, +Blink rF+
                  | rN+}
 17709 | Lair:1   | Reached ***** piety under Zin
 18211 | Lair:2   | Found a staircase to the Snake Pit.
 18642 | Lair:2   | Reached skill level 15 in Axes
 18799 | Lair:2   | Noticed Harold
 18815 | Lair:2   | Killed Harold
 19257 | Lair:2   | Found a staircase to the Swamp.
 19347 | Lair:3   | Noticed a boulder beetle
 19355 | Lair:3   | Killed a boulder beetle
 19494 | Lair:3   | Reached XP level 13. HP: 97/125 MP: 20/20
 20410 | Lair:3   | Reached skill level 10 in Invocations
 21203 | Lair:3   | Reached skill level 5 in Throwing
 21392 | Lair:4   | Found a sparkling altar of Nemelex Xobeh.
 22003 | Lair:4   | Found a staircase to the Slime Pits.
 22022 | Lair:4   | Noticed Sonja
 22034 | Lair:4   | Killed Sonja
 23066 | Lair:5   | Entered Level 5 of the Lair of Beasts
 23066 | Lair:5   | Noticed Nessos
 23079 | Lair:4   | Killed Nessos
 23496 | Lair:4   | Reached skill level 15 in Fighting
 23496 | Lair:4   | Reached skill level 16 in Axes
 24064 | Lair:4   | Reached skill level 10 in Armour
 24068 | Lair:4   | Reached skill level 10 in Shields
 24144 | Lair:5   | Upgraded the game from 0.31-a0-4-gefa6de2278 to
                  | 0.31-a0-7-g51783674b7
 24502 | Lair:5   | Reached XP level 14. HP: 121/135 MP: 22/22
 25052 | Lair:5   | Reached skill level 1 in Dodging
 25127 | Abyss:2  | Cast into level 2 of the Abyss (a wizard)
 25202 | Abyss:2  | Noticed a starcursed mass
 25223 | Abyss:2  | Paralysed by accursed screaming for 1 turns
 25232 | Abyss:2  | Paralysed by accursed screaming for 1 turns
 25233 | Abyss:2  | Zin protects you from harm!
 25243 | Abyss:2  | HP: 1/135 [starcursed mass/accursed screaming (10)]
 25280 | Lair:5   | Escaped the Abyss
 25497 | Lair:5   | Found a burning altar of Makhleb.
 27384 | Lair:5   | Found a gateway to Hell.
 27392 | Lair:5   | Reached ****** piety under Zin
 27994 | D:11     | Found a portal to a secret trove of treasure.
 29835 | D:12     | Found a staircase to the Orcish Mines.
 29838 | D:12     | Found Coosh's Antique Weapon Shop.
 29854 | D:12     | Noticed Erolcha
 29904 | D:12     | Killed Erolcha
 29925 | D:12     | Found a runed translucent gate.
 29925 | D:12     | Found a runed translucent gate.
 30087 | D:12     | Found a runed translucent gate.
 30087 | D:12     | Noticed Cyapt's ghost (journeyman HOFi)
 31370 | D:13     | Zin protects you from harm!
 31383 | D:12     | Annihilated by a very large slime creature

Illustrated notes

Levels and vault maps discovered:
D:1:      dpeg_arrival_rhombus, layout_basic
D:2:      layout_loops_cross, minmay_randomly_rotated_circles
D:3:      layout_loops_cross, minmay_crystal_water, minivault_4
D:4:      layout_cave_pools, uniq_robin, uniq_edmund, uniq_blork_the_orc,
          uniq_eustachio
D:5:      layout_gridville, serial_demonic, serial_demonic_e, serial_demonic_g,
          serial_demonic_f, serial_demonic_b, serial_demonic_e
D:6:      layout_basic, minmay_temple_entry_gardened_gates, uniq_duvessa,
          uniq_pikel
D:7:      layout_basic, serial_glass, glass_columns_a, glass_columns_a
D:8:      layout_loops_corners, slow_altar_1, uniq_maurice, uniq_grum,
          uniq_erica
D:9:      layout_basic, grunt_decor_one_mirror, uniq_psyche
D:10:     layout_long_grid, david_lair_shrubbed, enter_bailey_3,
          minmay_fractal_squares_5
D:11:     layout_irregular_city, nicolae_trove_entry_isolated,
          kennysheep_generic_room_5
D:12:     kennysheep_seaside_town, layout_loops_ring, orc_0_dummy,
          gammafunk_ghost_necromancy, serial_shops, shop, uniq_erolcha
D:13:     layout_cave_pools, hangedman_vaults_entry_quadrant_bands, minivault_16
Temple:   compressed_dpeg_triangle_lava_temple
Lair:1:   minmay_lair_oklob_chamber, layout_layer_cave, st_stairs_7,
          serial_bayou_pond_a, serial_bayou_lake_a, grunt_megastairs_1
Lair:2:   layout_chaotic_city, skrybe_swamp_entry_bodies,
          minmay_snake_entry_spellcaster, minmay_holes, uniq_harold
Lair:3:   layout_gridlike, st_stairs_9, evilmike_ambush
          [evilmike_ambush_outer_basic, evilmike_ambush_inner_pond]
Lair:4:   layout_concentric_octagons, minmay_slime_entry_pillars, basic_altar,
          fungi_pond_lemuel, st_stairs_13, uniq_sonja
Lair:5:   evil_forest, layout_regular_city, serial_bayou_pond_a,
          infiniplex_staircase_pool, grunt_megastairs_3, uniq_nessos

Skill      XL: |  1  2  3  4  5  6  7  8  9 10 11 12 13 14 |
---------------+-------------------------------------------+-----
Axes           | 3 4 5 6 7 8 10 12 13 14 15 16 | 16.8
Fighting       | 4 5 6 7 8 10 11 12 13 14 15 | 15.7
Invocations    | 2 5 7 9 11 12 | 12.1
Armour         | 5 7 8 10 | 10.9
Shields        | 5 7 8 10 | 10.9
Throwing       | 2 4 6 7 |  7.0
Dodging        | 3 |  3.0

Action                     |  1- 3 |  4- 6 |  7- 9 | 10-12 | 13-15 || total
---------------------------+-------+-------+-------+-------+-------++-------
  Melee: War axe           |    97 |   128 |   245 |   643 |   480 ||  1593
         Morningstar       |       |       |       |       |    14 ||    14
         Broad axe         |       |       |       |       |   305 ||   305
  Throw: Stone             |       |     1 |       |       |       ||     1
         Dart              |       |     4 |    22 |    86 |    92 ||   204
 Invoke: Recite            |       |       |     1 |     3 |     1 ||     5
         Vitalisation      |       |       |     1 |     3 |     1 ||     5
  Evoke: Wand              |       |       |       |     3 |     3 ||     6
    Use: Scroll            |       |     7 |     4 |     8 |    19 ||    38
         Potion            |       |       |       |     1 |     6 ||     7
   Stab: Confused          |       |       |     1 |     1 |       ||     2
         Invisible         |       |       |       |     3 |       ||     3
 Armour: Scale mail        |    38 |    47 |    70 |   133 |   136 ||   424
         Plate armour      |       |       |       |       |   128 ||   128
  Dodge: Dodged            |    66 |   116 |   134 |   257 |   266 ||   839
  Block: Buckler           |    23 |    61 |   128 |   117 |       ||   329
         Reflection        |       |     4 |     3 |    10 |    22 ||    39
         Kite shield       |       |       |       |   187 |   569 ||   756

Table legend: (Time is in decaauts)
 A = Elapsed time spent in this place.
 B = Non-inter-level travel time spent in this place.
 C = Inter-level travel time spent in this place.
 D = Time resting spent in this place.
 E = Time spent auto-exploring this place.
 F = Levels seen in this place.
 G = Mean time per level.
                   A        B        C        D        E       F      G
               +--------+--------+--------+--------+--------+-----+--------+
         Total |  31292 |  29153 |   2139 |  12623 |  12381 |  20 | 1564.6 |
       Dungeon |  17731 |  16319 |   1412 |   6030 |   7730 |  13 | 1363.9 |
        Temple |    390 |    348 |     42 |      0 |    333 |   1 |  390.0 |
          Lair |  13027 |  12342 |    685 |   6593 |   4245 |   5 | 2605.4 |
         Abyss |    142 |    142 |      0 |      0 |     73 |   1 |  142.0 |
               +--------+--------+--------+--------+--------+-----+--------+

Top non-repeatable levels by time:
  Lair:1: 4103 daAuts
  Lair:5: 2653 daAuts
  Lair:4: 2583 daAuts
     D:6: 2190 daAuts
    D:12: 2064 daAuts
    D:10: 1986 daAuts
  Lair:2: 1907 daAuts
  Lair:3: 1779 daAuts
     D:9: 1711 daAuts
     D:8: 1622 daAuts
     D:5: 1509 daAuts
     D:2: 1375 daAuts
    D:11: 1371 daAuts
     D:3: 1015 daAuts
     D:4: 971 daAuts
